 Dungeon Crawl Stone Soup version 0.25-a0-489-g9ae84a01e3 (webtiles) character file.

Game seed: 7632739340425993694, levelgen mode: deterministic

56 Gargoyl the Skirmisher (level 3, -3/31 HPs)
             Began as a Centaur Abyssal Knight on Feb 11, 2020.
             Was a Follower of Lugonu.
             Slain by Grinder (6 damage)
             ... while paralysed by Grinder
             ... on level 3 of the Dungeon.
             The game lasted 00:02:59 (1683 turns).

Gargoyl the Skirmisher (Centaur Abyssal Knight)     Turns: 1683, Time: 00:03:00

Health: -3/31      AC:  7    Str: 14    XL:     3   Next: 71%
Magic:  4/4        EV:  1    Int: 16    God:    Lugonu [*.....]
Gold:   71         SH:  0    Dex:  9    Spells: 2/2 levels left

rFire    . . .     SeeInvis .   a - +1 hand axe
rCold    . . .     Gourm    .   (no shield)
rNeg     . . .     Faith    .   d - +0 chain mail
rPois    +         Spirit   .   (helmet restricted)
rElec    .         Reflect  .   (no cloak)
rCorr    .         Harm     .   (no gloves)
MR       .....                  (no barding)
Stlth    ..........             (no amulet)
HPRegen  0.10/turn              j - ring of poison resistance
MPRegen  0.09/turn              (no ring)

@: paralysed, brilliant, hasted, lightly drained, very quick
A: large, claws 1, hooves 3, horns 1, deformed body, speed 2, poison resistance,
tough skin 3
a: Depart the Abyss, Renounce Religion


You were on level 3 of the Dungeon.
You worshipped Lugonu.
Lugonu was aware of your devotion.
You were hungry.

You visited 1 branch of the dungeon, and saw 3 of its levels.
You visited the Abyss 1 time.

You collected 71 gold pieces.

Inventory:

Hand Weapons
 a - a +1 hand axe (weapon)
Missiles
 l - 6 boomerangs (quivered)
Armour
 d - a +0 chain mail (worn)
Jewellery
 j - a ring of poison resistance (left claw)
Scrolls
 e - a scroll of magic mapping
 f - a scroll of identify
 i - 4 scrolls of teleportation
 n - a scroll of blinking {unknown}
Comestibles
 c - 2 rations


   Skills:
 + Level 3.5(3.4) Fighting
 + Level 2.1(2.0) Axes
 * Level 1.9(1.8) Armour
 * Level 1.1(0.9) Dodging
 * Level 2.5(2.3) Invocations


You had 2 spell levels left.
You didn't know any spells.
Your spell library was empty.

Dungeon Overview and Level Annotations

Branches:
Dungeon (3/15)

Altars:

Annotations:
D:3 Grinder


Innate Abilities, Weirdness & Mutations

You have hooves in place of feet.
Armour fits poorly on your strangely shaped body.
You cover ground very quickly.
You have extremely tough skin. (AC +3)
You have sharp fingernails.
You have a pair of small horns on your head.
Your system is resistant to poisons. (rPois)


Message History

Grinder is moderately wounded.
Your chain mail prevents you from hitting Grinder.
You kick Grinder!
Grinder is heavily wounded.
Grinder hits you.
You writhe in agony.
* * * LOW HITPOINT WARNING * * *
Your chain mail prevents you from hitting Grinder.
Grinder is heavily wounded.
Grinder hits you but does no damage.
You are feeling hungry.
You barely miss Grinder. Your kick misses Grinder.
Grinder is heavily wounded.
Grinder blinks!
Grinder gestures at you.
You suddenly lose the ability to move!
Grinder blinks!
Grinder hits you.
* * * LOW HITPOINT WARNING * * *
You writhe in agony.
You die...

..... #.# ..... #.# ....
#.# #. .... #.# #. #.# #.
#.# #. #.# #. #######.#
####. .......@# #....
########5# ###....
(.......###########......
.........................
#######.###########..####
#.# #...... #.# #.#####
#.# #...... #.# #######


You could see Grinder.

Vanquished Creatures
  An adder (D:2)
  3 oozes
  2 leopard geckos
  7 bats
  A giant cockroach (D:2)
  6 goblins
  3 hobgoblins
  A jackal (D:1)
  2 ball pythons (D:1)
  A kobold (D:1)
  4 rats
31 creatures vanquished.

Vanquished Creatures (others)
  2 starspawn tentacles (Abyss:1)
2 creatures vanquished.

Grand Total: 33 creatures vanquished

Notes
Turn   | Place    | Note
-------+----------+-------------------------------------------
     0 | Abyss:1  | Gargoyl the Centaur Abyssal Knight began the quest for the
                  | Orb.
     0 | Abyss:1  | Reached XP level 1. HP: 19/19 MP: 2/2
    44 | Abyss:1  | Noticed a starcursed mass
    55 | Abyss:1  | Noticed a revenant
    67 | Abyss:1  | Found a blossoming altar of Fedhas.
    74 | Abyss:1  | Noticed a tentacled starspawn
    98 | Abyss:1  | Noticed a starcursed mass
   102 | D:1      | Escaped the Abyss
   261 | D:1      | Reached * piety under Lugonu
   470 | D:1      | Reached XP level 2. HP: 17/26 MP: 3/3
   854 | D:2      | Reached skill level 1 in Dodging
   863 | D:2      | Gained mutation: You have a pair of small horns on your
                  | head. [potion of mutation]
   863 | D:2      | Gained mutation: Your system is resistant to poisons.
                  | (rPois) [potion of mutation]
   863 | D:2      | Gained mutation: You have sharp fingernails. [potion of
                  | mutation]
   880 | D:2      | Reached XP level 3. HP: 26/31 MP: 4/4
  1641 | D:3      | Noticed Grinder
  1645 | D:3      | Paralysed by Grinder for 5 turns
  1659 | D:3      | Paralysed by Grinder for 2 turns
  1679 | D:3      | Paralysed by Grinder for 7 turns
  1683 | D:3      | Slain by Grinder

Levels and vault maps discovered:
D:1:      eino_arrival_tree_alley, layout_rooms
D:2:      layout_loops_ring
D:3:      layout_basic, led_sif_pool, kennysheep_generic_room_16, uniq_grinder

Skill      XL: |  1  2 |
---------------+-------+-----
Dodging        | 1 |  1.1
Axes           | 2 |  2.1
Fighting       | |  3.5
Armour         | |  1.9
Invocations    | |  2.5

Action                   || total
-------------------------++-------
Melee: Hand axe          ||   101
       Kick              ||    12
       Headbutt          ||     2
Invok: Depart the Abyss  ||     1
  Use: Scroll            ||     5
       Potion            ||     5
  Eat: Chunk             ||     1
Armor: Chain mail        ||    96
Dodge: Dodged            ||    31

Table legend:
 A = Non-vault XP
 B = Vault XP
 C = Vault XP percentage of total XP
 D = Non-vault monster count
 E = Vault monster count
 F = Vault count percentage of total count
                 A         B        C        D         E       F
            +---------+---------+-------+---------+---------+-------
      Total |      81 |       0 |   0.0 |      31 |       0 |   0.0
            +---------+---------+-------+---------+---------+-------
        D:1 |      32 |       0 |   0.0 |      16 |       0 |   0.0
        D:2 |      42 |       0 |   0.0 |      14 |       0 |   0.0
        D:3 |       7 |       0 |   0.0 |       1 |       0 |   0.0
            +---------+---------+-------+---------+---------+-------
